 Dungeon Crawl Stone Soup version 0.19-a0-1292-g796ee4d (webtiles) character file.

395 Duffy the Chopper (level 7, -4/56 HPs)
             Began as a Formicid Chaos Knight on Aug 30, 2016.
             Slain by an orc
             ... wielding a +0 flail
              (7 damage)
             ... on level 5 of the Dungeon.
             The game lasted 00:02:18 (2023 turns).

Duffy the Chopper (Formicid Chaos Knight)           Turns: 2023, Time: 00:02:19

Health: -4/56      AC: 13    Str: 18    XL:     7   Next: 9%
Magic:  7/7        EV:  2    Int: 12    God:    Xom [...*..]
Gold:   108        SH:  0    Dex: -2 (8) Spells: 0 memorised, 6 levels left

rFire  . . .     SeeInvis +     m - +1 flail (protect)
rCold  . . .     Gourm    .     l - +0 chain mail
rNeg   . . .     Faith    .     (no shield)
rPois  .         Spirit   .     (helmet unavailable)
rElec  .         Dismiss  .     (no cloak)
rCorr  .         Reflect  .     (no gloves)
MR     .....     Harm     .     (no boots)
Stlth  ..........               (no amulet)
                                (no ring)
                                e - ring of stealth

@: slowed, lost dexterity, very slow
A: permanent stasis, dig shafts and tunnels, four strong arms, antennae 3, claws
1, clumsy 1
a: Dig, Shaft Self, Renounce Religion


You were on level 5 of the Dungeon.
You worshipped Xom.
You were a favourite toy of Xom.
You were not hungry.

You visited 2 branches of the dungeon, and saw 7 of its levels.

You collected 108 gold pieces.

Inventory:

Hand Weapons
 a - a +0 hand axe of chaos
 m - a +1 flail of protection (weapon)
Armour
 b - a +2 leather armour
 l - a +0 chain mail (worn)
Jewellery
 e - a ring of stealth (left claw)
Wands
 q - a wand of teleportation (6/9)
Scrolls
 f - 2 scrolls of magic mapping
 g - a scroll of enchant armour {unknown}
 i - a scroll of amnesia {unknown}
 o - a scroll of identify {unknown}
Potions
 d - a potion of haste {unknown}
 n - a potion of brilliance {unknown}
Comestibles
 c - 5 bread rations
 h - a slice of pizza
 j - a fruit
 k - 2 meat rations
 p - 3 chunks of flesh


   Skills:
 + Level 5.4 Fighting
 + Level 6.3 Axes
 - Level 2.1 Armour
 - Level 0.8 Dodging


You had 6 spell levels left.
You didn't know any spells.

Dungeon Overview and Level Annotations

Branches:
Dungeon (6/15)             Temple (1/1) D:4

Altars:
Ashenzari
Dithmenos
Elyvilon
Fedhas
Gozag
Hepliaklqana
Kikubaaqudgha
Makhleb
Nemelex Xobeh
Okawaru
Qazlal
Ru
Trog
Uskayaw
Vehumet
Xom
Yredelemnul
Zin
The Shining One


Innate Abilities, Weirdness & Mutations

You are under a permanent stasis effect.
You can dig through walls and to a lower floor.
Your four strong arms can wield two-handed weapons with a shield.
You have a pair of large antennae on your head. (SInv)
You have sharp fingernails.
You are clumsy. (Dex -2)


Message History

The orc priest hits you with a club. The orc hits you but does no damage. x2
The orc priest hits you with a club. The orc hits you but does no damage.
Your chain mail prevents you from hitting the orc priest.
The orc priest is almost dead.
The orc hits you but does no damage.
The orc priest calls upon Beogh to heal NO_TARGET.
The orc priest is healed somewhat.
The orc hits you but does no damage.
The orc priest hits you but does no damage.
The orc hits you but does no damage.
You closely miss the orc priest.
The orc priest is heavily wounded.
The orc hits you but does no damage.
The orc priest hits you but does no damage.
The orc hits you with a flail. The orc hits you but does no damage.
You hit the orc priest.
The orc priest is almost dead.
The orc priest completely misses you. The orc hits you but does no damage.
The orc hits you with a club. The orc priest hits you with a club.
The orc hits you with a flail!
You die...

..# ..# ..+ # #.#
##.###.### #
#....oo..# #.
#....ooo.# #. #@#
###..######.######
#................#
+................#
#................#
##....###'####....#
#....###..###.####
................#
................#


You could see an orc priest and 4 orcs.

Vanquished Creatures
  Menkaure (D:4)
  A howler monkey (D:5)
  A crimson imp (D:5)
  A quasit (D:5)
  An orc priest (D:4)
  2 orc wizards
  Ijyb (D:2)
  A shadow imp (D:5)
  An ooze (D:3)
  2 worms (D:2)
  3 giant geckos
  7 orcs
  2 bats (D:3)
  3 giant cockroaches
  9 jackals
  A kobold (D:3)
  2 quokkas (D:5)
  A ball python (D:3)
  A quokka skeleton (D:4)
41 creatures vanquished.

Notes
Turn   | Place    | Note
-------+----------+-------------------------------------------
     0 | D:1      | Duffy the Formicid Chaos Knight began the quest for the Orb.
     0 | D:1      | Reached XP level 1. HP: 18/18 MP: 1/1
    43 | D:1      | XOM: harmless Necr miscast
   106 | D:1      | XOM: divination: detect creatures
   125 | D:1      | Reached XP level 2. HP: 24/24 MP: 2/2
   188 | D:2      | Noticed Ijyb
   201 | D:2      | Killed Ijyb
   201 | D:2      | Reached skill level 4 in Axes
   201 | D:2      | Reached XP level 3. HP: 26/29 MP: 3/3
   638 | D:3      | Found a hazy altar of Hepliaklqana.
   638 | D:3      | Found a white marble altar of Elyvilon.
   639 | D:3      | Found a shadowy altar of Dithmenos.
   647 | D:3      | XOM: cast spell 'Spider Form'
   653 | D:3      | XOM: silly message
   673 | D:3      | Reached XP level 4. HP: 32/35 MP: 4/4
   908 | D:3      | XOM: give mutations
   908 | D:3      | Gained mutation: You have sharp fingernails. [Xom's mischief]
   908 | D:3      | Gained mutation: Your body sometimes deteriorates upon taking damage. [Xom's mischief]
   908 | D:3      | Lost mutation: Your body sometimes deteriorates upon taking damage. [Xom's mischief]
   908 | D:3      | Gained mutation: You are clumsy. (Dex -2) [Xom's mischief]
   938 | D:4      | Found a staircase to the Ecumenical Temple.
   939 | D:4      | XOM: summons 3 friendly demons
   949 | D:3      | Reached skill level 5 in Axes
  1171 | D:4      | XOM: butterfly on damage
  1173 | Temple   | Entered the Ecumenical Temple
  1178 | Temple   | Reached XP level 5. HP: 23/42 MP: 5/5
  1262 | Temple   | XOM: divination: detect creatures
  1487 | D:4      | Noticed Menkaure
  1492 | D:4      | Killed Menkaure
  1492 | D:4      | Reached XP level 6. HP: 39/50 MP: 6/6
  1584 | D:5      | Entered Level 5 of the Dungeon
  1593 | D:5      | XOM: mild Hex miscast
  1616 | D:5      | Lost dexterity.
  1630 | D:5      | Reached skill level 5 in Fighting
  1630 | D:5      | Reached skill level 6 in Axes
  1830 | D:5      | XOM: confuse monster(s)
  1832 | D:5      | Reached XP level 7. HP: 47/56 MP: 7/7
  1993 | D:5      | XOM: mild Chrm miscast
  2008 | D:5      | XOM: confuse monster(s)
  2023 | D:5      | Slain by an orc

Vault maps used:
D:1:      roderic_crop_circles_arrival_small, minmay_split_cup_large
D:2:      old_standard_altar, minmay_misc_feat_x, uniq_iyjb
D:3:      gammafunk_temple_overflow_forgotten, first_bread
D:4:      uniq_eustachio, uniq_blork_the_orc, uniq_menkaure
Temple:   lightli_temple_of_artemis

Skill      XL: |  1  2  3  4  5  6 |
---------------+-------------------+-----
Axes           | 4 5 6 |  6.3
Fighting       | 4 5 |  5.4
Armour         | |  2.1
Dodging        | |  0.8

Action                   |  1- 3 |  4- 6 |  7- 9 || total
-------------------------+-------+-------+-------++-------
Melee: Hand axe          |    49 |     9 |       ||    58
       Unarmed           |     5 |       |       ||     5
       Flail             |       |   123 |    39 ||   162
 Abil: Dig               |     1 |     1 |       ||     2
  Use: Scroll            |     1 |       |       ||     1
  Eat: Chunk             |       |     2 |     3 ||     5
Armor: Leather armour    |     4 |       |       ||     4
       Chain mail        |    23 |   243 |    69 ||   335
       Skin              |     4 |       |       ||     4
Dodge: Dodged            |    45 |    43 |    12 ||   100
